 Dungeon Crawl Stone Soup version 0.28.0-53-g5a82cb258f (webtiles) character file.

Game seed: 5771919092239334585

37 Zeld the Chopper (level 3, -1/33 HPs)
             Began as a Hill Orc Monk on May 24, 2022.
             Slain by Ijyb
             ... wielding a +0 spectral club
              (2 damage)
             ... on level 2 of the Dungeon.
             The game lasted 00:01:01 (1305 turns).

Zeld the Chopper (Hill Orc Monk)                    Turns: 1305, Time: 00:01:02

Health: -1/33      AC:  2    Str: 15    XL:     3   Next: 41%
Magic:  3/3        EV: 12    Int: 10    God:
Gold:   36         SH:  0    Dex: 13    Spells: 2/2 levels left

rFire   . . .      SeeInvis .   a - +0 hand axe
rCold   . . .      Faith    .   (no shield)
rNeg    . . .      Spirit   .   b - +0 robe
rPois   .          Reflect  .   (no helmet)
rElec   .          Harm     .   (no cloak)
rCorr   .          Rampage  .   (no gloves)
Will    .....                   (no boots)
Stlth   +.........              (no amulet)
HPRegen 0.11/turn               (no ring)
MPRegen 0.08/turn               (no ring)

@: confused
A: no striking features
a: no special abilities


You were on level 2 of the Dungeon.
You visited 1 branch of the dungeon, and saw 3 of its levels.

You collected 36 gold pieces.

Inventory:

Hand Weapons
 a - a +0 hand axe (weapon)
Armour
 b - a +0 robe (worn)
Jewellery
 c - a ring of positive energy


   Skills:
 * Level 4.2 Fighting
 * Level 4.7 Axes
 + Level 1.1 Armour
 + Level 2.6 Dodging
 - Level 1.5 Stealth


You had 2 spell levels left.
You didn't know any spells.
Your spell library was empty.

Dungeon Overview and Level Annotations

Branches:
Dungeon (3/15)

Altars:

Annotations:
D:2 Ijyb


Message History

The orc wizard closely misses you.
You hit the orc wizard.
The orc wizard is moderately wounded.
You hit Ijyb.
Ijyb zaps a wand.
The puff of flame hits you. The orc wizard closely misses you.
Unknown command.
You are too injured to fight recklessly!
You are too injured to fight recklessly!
You are too injured to fight recklessly!
Unknown command.
You are too injured to fight recklessly!
You hit the orc wizard.
The orc wizard is heavily wounded.
You hit Ijyb but do no damage.
Ijyb zaps a wand.
The puff of flame hits you!
* * * LOW HITPOINT WARNING * * *
The orc wizard misses you.
Unknown command.
You barely miss Ijyb.
Ijyb is lightly wounded.
You hit the orc wizard. Ijyb closely misses you.
The orc wizard hits you but does no damage.
Unknown command.
You barely miss Ijyb.
Ijyb is lightly wounded.
You barely miss the orc wizard. Ijyb misses you.
The orc wizard gestures at you while chanting.
You are confused.
Unknown command.
You closely miss Ijyb.
Ijyb is lightly wounded.
You hit the orc wizard but do no damage.
Ijyb closely misses you.
The orc wizard hits you with a +0 dagger.
* * * LOW HITPOINT WARNING * * *
Ijyb hits you with a +0 spectral club.
* * * LOW HITPOINT WARNING * * *
The orc wizard closely misses you.
You bump into the rock wall.
The orc wizard misses you. Ijyb hits you with a +0 spectral club.
You die...

# # # # ### # ######
######.#
###....####..<...#####
................go...##
................@.....#
##.###...##.########..#.#
#.........#.##.)........#
#...........##.#####....#
#.........####. #.#..#
##.######## #. ..#..# #.#
.. ..#..# #.# ?. #.##..
#.# ... ... ..#


You could see Ijyb and an orc wizard.

Vanquished Creatures
  2 adders (D:2)
  A dart slug (D:1)
  An endoplasm (D:1)
  3 hobgoblins
  A kobold (D:1)
  A ball python (D:1)
  3 bats
  4 goblins
  2 rats
18 creatures vanquished.

Notes
Turn   | Place    | Note
-------+----------+-------------------------------------------
     0 | D:1      | Zeld the Hill Orc Monk began the quest for the Orb.
     0 | D:1      | Reached XP level 1. HP: 19/19 MP: 1/1
   298 | D:1      | Reached XP level 2. HP: 10/27 MP: 2/2
   794 | D:2      | Reached skill level 1 in Armour
   794 | D:2      | Reached XP level 3. HP: 16/33 MP: 3/3
   801 | D:3      | Noticed a kobold brigand
  1295 | D:3      | Noticed Ijyb
  1304 | D:2      | HP: 1/33 [Ijyb/+0 spectral club (3)]
  1305 | D:2      | Slain by Ijyb

Illustrated notes

Levels and vault maps discovered:
D:1:      nagdon_arrival_double_spiral, layout_basic,
          hellmonk_ecumenical_altar_inner_sanctum, moated_statue
D:2:      layout_basic
D:3:      layout_loops_ring, grunt_ministairs_7, uniq_grinder, uniq_ijyb,
          uniq_terence

Skill      XL: |  1  2 |
---------------+-------+-----
Fighting       | 4 |  4.2
Armour         | 1 |  1.1
Axes           | |  4.7
Dodging        | |  2.6
Stealth        | |  1.5

Action                   || total
-------------------------++-------
Melee: Hand axe          ||    54
 Stab: Sleeping          ||     3
Armor: Robe              ||    15
Dodge: Dodged            ||    50
